 Dungeon Crawl Stone Soup version 0.30.1-11-g7821555f0a (webtiles) character file.

Game seed: 16215463620155199651

718 Dvallin the Trooper (level 7, -4/70 HPs)
             Began as a Naga Fighter on Nov 15, 2023.
             Was a Follower of Dithmenos.
             Slain by a hornet (10 damage)
             ... while paralysed by a hornet
             ... on level 5 of the Dungeon.
             The game lasted 00:09:16 (3806 turns).

Dvallin the Trooper (Naga Fighter)                  Turns: 3806, Time: 00:09:18

Health: -4/70      AC:  7    Str: 18    XL:     7   Next: 70%
Magic:  7/7        EV:  1    Int: 10    God:    Dithmenos [*.....]
Gold:   92         SH:  0    Dex: 11    Spells: 6/6 levels left

rFire   . . .        a - +0 war axe
rCold   . . .        v - +1 buckler {rN+}
rNeg    + . .        b - +0 scale mail
rPois   +            o - +0 helmet
rElec   .            (no cloak)
rCorr   .            (no gloves)
SInv    +            (no barding)
Will    .....        (no amulet) Stlth
                     (no ring)
HPRegen 0.31/turn    (no ring)
MPRegen 0.10/turn

%: no passive effects
@: paralysed, slowed, wreathed by umbra, very slow
A: AC +2, large, see invisible, deformed body, poison resistance, slowness 2,
spit poison 1, naga tail 1
a: Spit Poison, Renounce Religion


You were on level 5 of the Dungeon.
You worshipped Dithmenos.
Dithmenos was aware of your devotion.
You visited 1 branch of the dungeon, and saw 5 of its levels.

You collected 242 gold pieces.
You spent 150 gold pieces at shops.

Inventory:

Hand Weapons
 a - a +0 war axe (weapon)
 u - a +2 dagger of speed
Armour
 b - a +0 scale mail (worn)
 o - a +0 helmet (worn)
 v - a +1 buckler of positive energy (worn)
Wands
 d - a wand of flame (10)
Scrolls
 c - a scroll of noise {unknown}
 f - 2 scrolls of fog {unknown}
 h - 4 scrolls of identify {unknown}
 j - 2 scrolls of fear {unknown}
 l - 3 scrolls of teleportation {unknown}
 n - a scroll of brand weapon {unknown}
 q - a scroll of magic mapping {unknown}
 r - a scroll of immolation {unknown}
 s - a scroll of poison {unknown}
Potions
 e - a potion of mutation {unknown}
 g - a potion of curing
 i - a potion of degeneration {unknown}
 k - a potion of berserk rage {unknown}
 m - a potion of lignification {unknown}
 p - a potion of ambrosia {unknown}
 t - 2 potions of attraction {unknown}


   Skills:
 + Level 6.5 Fighting
 - Level 2.0 Axes
 - Level 2.4 Armour
 + Level 5.9 Shields


You had 6 spell levels left.
You didn't know any spells.
Your spell library contained the following spells:

 Spells                   Type           Power      Damage    Failure   Level
 Call Canine Familiar     Summ           0%         N/A       99%         3
 Dazzling Flash           Conj/Hex       0%         N/A       99%         3
 Portal Projectile        Hex/Tloc       0%         N/A       99%         3
 Tukima's Dance           Hex            0%         N/A       99%         3
 Leda's Liquefaction      Hex/Erth       0%         N/A       100%        4
 Passage of Golubria      Tloc           0%         N/A       100%        4
 Agony                    Necr           0%         N/A       100%        5
 Silence                  Hex/Air        0%         N/A       100%        5
 Yara's Violent Unravell  Hex/Tmut       0%         3d3       100%        5


Dungeon Overview and Level Annotations

Branches:
Dungeon (5/15)
 Temple: D:4-7

Altars:
Dithmenos

Shops:
D:4 [(

Annotations:
D:3 1 runed translucent door, senjinn's ghost, amateur OpTm


Innate Abilities, Weirdness & Mutations

Your serpentine skin is tough. (AC +2)
You have supernaturally acute eyesight. (SInv)
Armour fits poorly on your strangely shaped body.
Your system is resistant to poisons. (rPois)
You cover ground very slowly.
You can spit poison.
You have a snake-like lower body.


Message History

It was a potion of curing.
You feel better.
You feel yourself speed up. The hornet stings you.
You block the hornet's attack.
You completely miss the hornet.
The hornet is heavily wounded.
The hornet stings you but does no damage.
The hornet stings you.
You feel yourself slow down.
You barely miss the hornet.
The hornet is heavily wounded.
The hornet stings you!
The hornet stings you but does no damage.
You block the hornet's attack.
You barely miss the hornet.
The hornet is heavily wounded.
You feel yourself speed up. The hornet stings you!
* * * LOW HITPOINT WARNING * * *
You are poisoned.
You feel yourself slow down. The hornet closely misses you.
The hornet stings you.
* * * LOW HITPOINT WARNING * * *
The hornet stings you.
* * * LOW HITPOINT WARNING * * *
You feel as though you will be slow longer.
You feel better. The hornet barely misses you. x2
Okay, then.
You miss the hornet.
The hornet is heavily wounded.
The hornet barely misses you. The hornet stings you.
* * * LOW HITPOINT WARNING * * *
You feel as though you will be slow longer.
You block the hornet's attack.
You closely miss the hornet.
The hornet is heavily wounded.
The hornet stings you.
* * * LOW HITPOINT WARNING * * *
The hornet stings you!
* * * LOW HITPOINT WARNING * * *
You suddenly lose the ability to move!
The hornet stings you!
You die...

........[....##...####
.....##.###........#.
...... .. #...#.##..
.#.... ....#.#..#
.#...# #.....<# .
##.....##
#.####......#
#...........##..
........@.......
#....../y......#
#................
#................
#................
................
....##.......... ...
...........


You could see a hornet.

Vanquished Creatures
  Sigmund (D:2)
  Eustachio (D:4)
  Edmund (D:4)
  A hound (D:4)
  Ijyb (D:4)
  2 orc wizards (D:4)
  A sleepcap (D:4)
  An iguana (D:4)
  Robin (D:4)
  4 adders
  2 worms
  9 dart slugs
  2 orcs
  An endoplasm (D:1)
  3 giant cockroaches
  22 goblins
  4 hobgoblins
  4 jackals (D:2)
  3 quokkas
  7 ball pythons
  4 bats
  3 frilled lizards
  6 kobolds
  3 rats
87 creatures vanquished.

Notes
Turn   | Place    | Note
-------+----------+-------------------------------------------
     0 | D:1      | Dvallin the Naga Fighter began the quest for the Orb.
     0 | D:1      | Reached XP level 1. HP: 21/21 MP: 1/1
   329 | D:1      | Reached XP level 2. HP: 23/28 MP: 2/2
   388 | D:1      | Found a faded altar of an unknown god.
   933 | D:2      | Reached XP level 3. HP: 23/34 MP: 3/3
  1247 | D:2      | Reached skill level 4 in Fighting
  1247 | D:2      | Reached XP level 4. HP: 42/44 MP: 4/4
  1285 | D:2      | Found a shadowy altar of Dithmenos.
  1336 | D:2      | Became a worshipper of Dithmenos the Shadowed
  1370 | D:2      | Noticed Sigmund
  1378 | D:2      | Killed Sigmund
  1379 | D:2      | Reached skill level 5 in Fighting
  1379 | D:2      | Reached XP level 5. HP: 33/52 MP: 5/5
  1757 | D:3      | Reached XP level 6. HP: 61/61 MP: 6/6
  2056 | D:3      | Found a runed translucent door.
  2059 | D:3      | Noticed senjinn's ghost (amateur OpTm)
  2475 | D:4      | Noticed Robin
  2485 | D:4      | Reached * piety under Dithmenos
  2493 | D:4      | Killed Robin
  2495 | D:4      | Reached skill level 5 in Shields
  2558 | D:4      | Found Dahuzogu's Assorted Antiques.
  2572 | D:4      | Noticed Eustachio
  2624 | D:4      | Killed Eustachio
  2625 | D:4      | Reached XP level 7. HP: 24/68 MP: 7/7
  2775 | D:4      | Found Reim's Weapon Shoppe.
  2854 | D:4      | Reached skill level 6 in Fighting
  3079 | D:4      | Noticed Edmund
  3095 | D:4      | Killed Edmund
  3207 | D:4      | Found Odaesye's Antique Armour Shoppe.
  3209 | D:4      | Noticed Ijyb
  3219 | D:4      | Killed Ijyb
  3223 | D:4      | Bought a shiny buckler for 150 gold pieces
  3551 | D:5      | Entered Level 5 of the Dungeon
  3791 | D:5      | Noticed a hornet
  3798 | D:5      | Paralysed by a hornet for 2 turns
  3806 | D:5      | Paralysed by a hornet for 3 turns
  3806 | D:5      | Slain by a hornet

Illustrated notes

Levels and vault maps discovered:
D:1:      dpeg_arrival_signposts, layout_basic,
          hellmonk_ecumenical_altar_crossroads, hangedman_decor_peaks_small
D:2:      layout_rooms, basic_altar, uniq_sigmund
D:3:      layout_loops_ring, ebering_ghost_reflecting_pool,
          chequers_serial_rivers_micro_d
D:4:      kennysheep_slugbush, layout_basic, serial_shops, shop,
          nicolae_shop_behind_doors, kennysheep_little_box,
          minmay_misc_feat_columns, uniq_edmund, uniq_eustachio, uniq_ijyb,
          uniq_robin
D:5:      layout_cave_pools, minmay_temple_entry_sparse_star

Skill      XL: |  1  2  3  4  5  6  7 |
---------------+----------------------+-----
Shields        | 3 4 5 |  5.9
Fighting       | 4 5 6 |  6.5
Axes           | |  2.0
Armour         | |  2.4

Action                     |  1- 3 |  4- 6 |  7- 9 || total
---------------------------+-------+-------+-------++-------
  Melee: War axe           |    61 |   120 |    56 ||   237
Ability: Spit Poison       |    22 |    24 |    11 ||    57
    Use: Potion            |       |     1 |     3 ||     4
 Armour: Scale mail        |    18 |   106 |    25 ||   149
  Dodge: Dodged            |    23 |    80 |    28 ||   131
  Block: Buckler           |    18 |    38 |    16 ||    72
